 Dungeon Crawl Stone Soup version 0.24.0 (webtiles) character file.

Game seed: 16837276214156243837, levelgen mode: deterministic

750 Buxparty the Covered (level 7, 0/44 HPs)
             Began as a Gargoyle Fighter on May 15, 2020.
             Was an Initiate of Gozag.
             Killed from afar by an orc wizard (9 damage)
             ... with a puff of flame
             ... on level 5 of the Dungeon.
             The game lasted 00:10:50 (3987 turns).

Buxparty the Covered (Gargoyle Fighter)             Turns: 3987, Time: 00:10:51

Health: 0/44       AC: 12    Str: 21    XL:     7   Next: 78%
Magic:  7/7        EV:  7    Int:  9    God:    Gozag
Gold:   354        SH: 10    Dex:  9    Spells: 6/6 levels left

rFire    . . .     SeeInvis .   a - +0 war axe
rCold    . . .     Gourm    .   c - +0 shield
rNeg     + . .     Faith    .   b - +0 scale mail
rPois    ∞         Spirit   .   (no helmet)
rElec    +         Reflect  .   (no cloak)
rCorr    .         Harm     .   (no gloves)
MR       .....                  (no boots)
Stlth    ..........             (no amulet)
HPRegen  0.14/turn              (no ring)
MPRegen  0.10/turn              (no ring)

@: no status effects
A: negative energy resistance 1, electricity resistance, unbreathing,
petrification resistance, rot immunity, AC +4
a: Potion Petition, Call Merchant, Bribe Branch, Renounce Religion


You were on level 5 of the Dungeon.
You worshipped Gozag.
Gozag was aware of your devotion.
You were not hungry.

You visited 1 branch of the dungeon, and saw 5 of its levels.

You collected 420 gold pieces.
You paid 66 gold pieces to Gozag.

Inventory:

Hand Weapons
 a - a +0 war axe (weapon)
Armour
 b - a +0 scale mail (worn)
 c - a +0 shield (worn)
Wands
 t - a wand of acid (7)
Scrolls
 e - 2 scrolls of teleportation {unknown}
 g - a scroll of identify {unknown}
 h - a scroll of amnesia {unknown}
 j - 2 scrolls of fear {unknown}
 k - 4 scrolls of fog {unknown}
 m - 6 scrolls of remove curse {unknown}
 s - a scroll of blinking {unknown}
 u - a scroll of noise {unknown}
 w - a scroll of random uselessness {unknown}
Potions
 d - a potion of might
 i - a potion of agility {unknown}
 l - a potion of degeneration {unknown}
 n - 4 potions of heal wounds {unknown}
 o - 2 potions of flight {unknown}
 p - a potion of lignification {unknown}
 q - a potion of haste {unknown}
 r - a potion of berserk rage {unknown}
 v - a potion of ambrosia {unknown}
Comestibles
 f - 13 rations


   Skills:
 + Level 5.1 Fighting
 * Level 5.0 Axes
 + Level 5.4 Armour
 + Level 5.2 Shields


You had 6 spell levels left.
You didn't know any spells.
Your spell library contained the following spells:

 Spells                   Type           Power        Failure   Level  Hunger
 Confusing Touch          Hex            #.....       98%         1    ##.....
 Confuse                  Hex            #.......     100%        3    ####...
 Gell's Gravitas          Tloc           #.........   100%        3    ####...
 Petrify                  Tmut/Erth      #.......     100%        4    #####..
 Metabolic Englaciation   Hex/Ice        #.........   100%        5    ######.
 Yara's Violent Unravell  Hex/Tmut       #.........   100%        5    ######.


Dungeon Overview and Level Annotations

Branches:
Dungeon (5/15)
 Temple: D:4-7

Altars:
Gozag
Qazlal
Yredelemnul
Zin
The Shining One

Shops:
D:3 *   D:5 =


Innate Abilities, Weirdness & Mutations

You are resistant to torment.
Your stone body is resilient. (AC +4)
You are immune to poison.
You resist negative energy. (rN+)
You are resistant to electric shocks. (rElec)
You can survive without breathing.
You are immune to petrification.
You are immune to rotting.


Message History

The orc priest mumbles some strange prayers to Beogh against you.
Beogh smites you!
You are too injured to fight recklessly!
The orc shouts!
The orc priest mumbles some strange prayers to Beogh against you.
Beogh smites you!
* * * LOW HITPOINT WARNING * * *
You see here a cloak.
An orc comes into view. It is wielding a +0 short sword.
The orc shouts!
The orc wizard casts a spell.
The orc wizard seems to speed up.
You see here a +2 dagger of venom.
The orc wizard gestures at you while chanting.
The puff of frost hits you but does no damage.
The orc wizard closely misses you. The orc wizard casts a spell at you.
The puff of flame hits you!
You die...
Your body crumbles into a pile of gold.

#### #.# #.#............. #..###
#.###.##..#......... #....#
#..##.##............ #.##.#
##.......##.#.#.....
######.##.#####.......##.#.#.....
...........................#...##
######.####.###..####..........##
#.# #......#####.)#o......# #.#
##....@.o#..o)....[.... #.#
##.....##..o..oo.....#.# ##.#
#...######..>........#.# #..#
#.#.## ##..........#..
#.####.#..#######.#####...##.
#.##...#......###..#.......#. ###
#.##.##..####........#..##.#.
..###....##..###...#####.#.###...
..##...##.....#....# #.<.###).#


You could see an orc wizard and 2 orcs.

Vanquished Creatures
  Sigmund (D:3)
  A phantom (D:4)
  A centaur (D:5)
  A howler monkey (D:4)
  A bullfrog zombie (D:5)
  A hound (D:5)
  An orc priest (D:5)
  An iguana (D:4)
  A worker ant (D:3)
  10 adders
  4 gnolls
  A shadow imp (D:5)
  2 oozes
  An adder zombie (D:5)
  An adder skeleton (D:4)
  A worm (D:2)
  A dart slug (D:3)
  2 leopard geckos
  7 orcs
  3 giant cockroaches
  8 goblins
  5 hobgoblins
  6 jackals
  7 quokkas
  2 ball pythons (D:3)
  2 bats (D:1)
  7 frilled lizards
  A jackal skeleton (D:5)
  6 kobolds
  A quokka skeleton (D:5)
  13 rats
100 creatures vanquished.

Notes
Turn   | Place    | Note
-------+----------+-------------------------------------------
     0 | D:1      | Buxparty the Gargoyle Fighter began the quest for the Orb.
     0 | D:1      | Reached XP level 1. HP: 14/14 MP: 1/1
   216 | D:1      | Reached XP level 2. HP: 14/19 MP: 2/2
   822 | D:1      | Reached XP level 3. HP: 23/23 MP: 3/3
  1055 | D:2      | Reached XP level 4. HP: 29/29 MP: 4/4
  1674 | D:2      | Found a faded altar of an unknown god.
  1811 | D:2      | Found a basalt altar of Yredelemnul.
  2057 | D:3      | Reached XP level 5. HP: 21/33 MP: 5/5
  2418 | D:3      | Noticed Sigmund
  2424 | D:3      | Killed Sigmund
  2424 | D:3      | Reached XP level 6. HP: 39/39 MP: 6/6
  2477 | D:3      | Found Zin's Purification Station.
  2482 | D:3      | Found a glowing silver altar of Zin.
  2580 | D:3      | Found a glowing golden altar of the Shining One.
  2818 | D:4      | Found a stormy altar of Qazlal.
  2820 | D:4      | Found an opulent altar of Gozag.
  2832 | D:4      | Became a worshipper of Gozag Ym Sagoz the Greedy
  2947 | D:4      | Noticed a phantom
  3027 | D:4      | Killed a phantom
  3027 | D:4      | Reached skill level 5 in Armour
  3027 | D:4      | Reached XP level 7. HP: 32/44 MP: 7/7
  3300 | D:5      | Entered Level 5 of the Dungeon
  3314 | D:5      | Reached skill level 5 in Shields
  3504 | D:5      | Reached skill level 5 in Fighting
  3507 | D:5      | Found Annuuh's Jewellery Shoppe.
  3774 | D:5      | Reached skill level 5 in Axes
  3987 | D:5      | Killed from afar by an orc wizard

Levels and vault maps discovered:
D:1:      erik_arrival_cave_to_civilisation [erik_arrival_cave_to_hall],
          layout_loops_ring
D:2:      layout_loops_corners, nicolae_overflow_hidden_temple,
          chequers_ecumenical_altar_simple, st_stairs_10, serial_park_tiny_pond,
          solitary_fountain, minmay_tall_x
D:3:      layout_rooms, nicolae_tso_carved_into_rock, zin_purify, uniq_sigmund
D:4:      layout_rooms, chequers_temple_overflow_statue_of_worship
D:5:      layout_rooms, nemelex_altar_shiori, first_ration, serial_shops, shop
